 Dungeon Crawl Stone Soup version 0.28-a0-850-g09de17f5b5 (webtiles) character file.

Game seed: 4228252585039166190

46 vurker the Gusty (level 3, 25/25 HPs)
             Began as a Gnoll Air Elementalist on Nov 13, 2021.
             Was a Believer of Jiyva.
             Quit the game on level 4 of the Dungeon.
             The game lasted 00:02:02 (2853 turns).

vurker the Gusty (Gnoll Air Elementalist)           Turns: 2853, Time: 00:02:02

Health: 25/25      AC:  5    Str:  7    XL:     3   Next: 66%
Magic:  9/9        EV: 13    Int: 15    God:    Jiyva [**....]
Gold:   55         SH:  0    Dex: 12    Spells: 11/12 levels left

rFire   . . .      SeeInvis .   d - +1 short sword (flame)
rCold   . . .      Faith    .   (no shield)
rNeg    . . .      Spirit   .   a - +0 robe
rPois   .          Reflect  .   g - +2 helmet
rElec   .          Harm     .   (no cloak)
rCorr   .          Rampage  .   (no gloves)
Will    .....                   (no boots)
Stlth   ++........              (no amulet)
HPRegen 0.08/turn               (no ring)
MPRegen 0.11/turn               (no ring)

@: no status effects
A: fangs 1, strong nose, distributed training
a: Renounce Religion, Request Jelly


You were on level 4 of the Dungeon.
You worshipped Jiyva.
Jiyva was pleased with you.
You visited 1 branch of the dungeon, and saw 4 of its levels.

You collected 55 gold pieces.

Inventory:

Hand Weapons
 d - a +1 short sword of flaming (weapon)
   (You took it off a kobold on level 1 of the Dungeon)
Armour
 a - a +0 robe (worn)
 g - a +2 helmet (worn)
   (You found it on level 2 of the Dungeon)
Scrolls
 b - a scroll of immolation
 c - a scroll of teleportation {unknown}
 e - 2 scrolls of identify {unknown}
 f - a scroll of magic mapping {unknown}
Potions
 h - a potion of attraction {unknown}
 i - a potion of lignification {unknown}


   Skills:
 + Level 0.9 Fighting
 + Level 0.9 Short Blades
 + Level 0.9 Long Blades
 + Level 0.9 Axes
 + Level 0.9 Maces & Flails
 + Level 0.9 Polearms
 + Level 0.9 Staves
 + Level 0.9 Slings
 + Level 0.9 Bows
 + Level 0.9 Crossbows
 + Level 0.9 Throwing
 + Level 0.9 Armour
 + Level 4.5 Dodging
 + Level 4.2 Stealth
 + Level 0.9 Shields
 + Level 0.9 Unarmed Combat
 + Level 5.0 Spellcasting
 + Level 2.1 Conjurations
 + Level 0.6 Hexes
 + Level 0.6 Summonings
 + Level 0.6 Necromancy
 + Level 0.6 Translocations
 + Level 0.6 Transmutations
 + Level 0.6 Fire Magic
 + Level 0.6 Ice Magic
 + Level 5.4 Air Magic
 + Level 0.6 Earth Magic
 + Level 0.6 Poison Magic
 + Level 1.0 Invocations
 + Level 0.9 Evocations


You had 11 spell levels left.
You knew the following spells:

 Your Spells              Type           Power      Damage    Failure   Level
a - Shock                 Conj/Air       60%        1d6       3%          1

Your spell library contained the following spells:

 Spells                   Type           Power      Damage    Failure   Level
 Static Discharge         Conj/Air       15%        N/A       5%          2
 Swiftness                Air            20%        N/A       5%          3
 Airstrike                Air            10%        N/A       17%         4


Dungeon Overview and Level Annotations

Branches:
Dungeon (4/15)
 Temple: D:4-7

Altars:
Hepliaklqana
Vehumet
Jiyva

Shops:
D:3 (


Innate Abilities, Weirdness & Mutations

You have very sharp teeth.
Your uncanny sense of smell can sniff out nearby items.
Your experience applies equally to all skills.


Message History

There is a stone staircase leading up here.
You swap places.
Key pressed, stopping explore.
You can't see any susceptible monsters within range! (Use Z to cast anyway.) Key pressed, stopping explore.
You can't see any susceptible monsters within range! (Use Z to cast anyway.) Key pressed, stopping explore.
You can't see any susceptible monsters within range! (Use Z to cast anyway.)
You swap places.
Key pressed, stopping explore.
You can't see any susceptible monsters within range! (Use Z to cast anyway.) Key pressed, stopping explore.
You can't see any susceptible monsters within range! (Use Z to cast anyway.) Done exploring.
You can't see any susceptible monsters within range! (Use Z to cast anyway.) Done exploring.
You can't see any susceptible monsters within range! (Use Z to cast anyway.) Done exploring.
You can't see any susceptible monsters within range! (Use Z to cast anyway.) Done exploring.
Jiyva says: Divide and consume!
There is an open door here.
Key pressed, stopping travel.
You can't go down here!
There is a stone staircase leading down here.
You climb downwards.
Found a stone staircase leading down.
There is a stone staircase leading up here.
You hear a distant slurping noise.
Jiyva appreciates your sacrifice.
Found an escape hatch in the floor.
A goblin comes into view. It is wielding a +0 club.
Found a pink potion.
A goblin is nearby!
Aim: a goblin, wielding a +0 club (asleep, 100% to hit)
The zap hits the goblin.
You kill the goblin!
You can't see any susceptible monsters within range! (Use Z to cast anyway.)
You can't see any susceptible monsters within range! (Use Z to cast anyway.)
Found 9 gold pieces.
Things that are here:
a +0 club; a goblin corpse You can't see any susceptible monsters within range! (Use Z to cast anyway.)
i - a pink potion You can't see any susceptible monsters within range! (Use Z to cast anyway.)
Things that are here:
a +0 club; a goblin corpse You now have 55 gold pieces (gained 9).
Found 26 bolts.
You can't see any susceptible monsters within range! (Use Z to cast anyway.)

## #. ### #. ..# #( #.# #.#
#.# ######.### #.#
#.<....@.#######.#
#...>............#+#####
####..................)....
#...........##.............
#.##........##.####........
#.##........##.# #........
#.##........+..# #........
#.##........#### ##.......
#.##........ #.......


There were no monsters in sight!

Vanquished Creatures
  A gnoll (D:1)
  A worm (D:2)
  A dart slug (D:1)
  2 ball pythons
  A giant cockroach (D:2)
  4 goblins
  5 quokkas
  3 bats
  5 frilled lizards
  4 kobolds
  4 rats
31 creatures vanquished.

Vanquished Creatures (others)
  A dart slug (D:2)
  2 bats (D:1)
  A giant cockroach (D:3)
  A goblin (D:3)
  2 hobgoblins (D:3)
  2 kobolds
  A quokka (D:3)
  A frilled lizard (D:1)
  A rat (D:1)
  12 plants
24 creatures vanquished.

Grand Total: 55 creatures vanquished

Notes
Turn   | Place    | Note
-------+----------+-------------------------------------------
     0 | D:1      | vurker the Gnoll Air Elementalist began the quest for the
                  | Orb.
     0 | D:1      | Reached XP level 1. HP: 13/13 MP: 6/6
    60 | D:1      | Found a faded altar of an unknown god.
    81 | D:1      | Reached XP level 2. HP: 20/20 MP: 1/7
   156 | D:1      | Prayed at the altar of an unknown god.
   156 | D:1      | Became a worshipper of Jiyva Jiamolua the Shapeless
   156 | D:1      | Reached * piety under Jiyva
   747 | D:1      | Reached XP level 3. HP: 25/25 MP: 6/9
   791 | D:1      | Reached skill level 5 in Spellcasting
  1206 | D:2      | Reached ** piety under Jiyva
  1333 | D:2      | Found a radiant altar of Vehumet.
  1883 | D:3      | Reached skill level 1 in Invocations
  1934 | D:3      | Found a hazy altar of Hepliaklqana.
  1937 | D:3      | Found Hasmuq's Weapon Boutique.
  2853 | D:4      | Quit the game

Illustrated notes

Levels and vault maps discovered:
D:1:      saegor_arrival_under_anarchy, layout_basic,
          hellmonk_ecumenical_altar_blasted, hangedman_decor_riveting,
          minmay_quantized
D:2:      minmay_spotlight, layout_basic, basic_altar
D:3:      layout_loops_corners, nicolae_hepliaklqana_hazy_memory, serial_shops,
          shop
D:4:      layout_basic, minmay_temple_entry_antechambers,
          chequers_hall_statues_wall_a, minmay_crystal_room,
          corexii_leaking_fountain

Skill      XL: |  1  2  3 |
---------------+----------+-----
Conjurations   | 2 |  2.1
Spellcasting   | 5 |  5.0
Invocations    | 1 |  1.0
Fighting       | |  0.9
Short Blades   | |  0.9
Long Blades    | |  0.9
Axes           | |  0.9
Maces & Flails | |  0.9
Polearms       | |  0.9
Staves         | |  0.9
Slings         | |  0.9
Bows           | |  0.9
Crossbows      | |  0.9
Throwing       | |  0.9
Armour         | |  0.9
Dodging        | |  4.5
Stealth        | |  4.2
Shields        | |  0.9
Unarmed Combat | |  0.9
Hexes          | |  0.6
Summonings     | |  0.6
Necromancy     | |  0.6
Translocations | |  0.6
Transmutations | |  0.6
Fire Magic     | |  0.6
Ice Magic      | |  0.6
Air Magic      | |  5.4
Earth Magic    | |  0.6
Poison Magic   | |  0.6
Evocations     | |  0.9

Action                   || total
-------------------------++-------
 Cast: Shock             ||    58
Dodge: Dodged            ||     1

Table legend: (Time is in decaauts)
 A = Elapsed time spent in this place.
 B = Non-inter-level travel time spent in this place.
 C = Inter-level travel time spent in this place.
 D = Time resting spent in this place.
 E = Time spent auto-exploring this place.
 F = Levels seen in this place.
 G = Mean time per level.
                   A        B        C        D        E       F      G
               +--------+--------+--------+--------+--------+-----+--------+
         Total |   2853 |   2715 |    138 |      0 |   2551 |   4 |  713.2 |
       Dungeon |   2853 |   2715 |    138 |      0 |   2551 |   4 |  713.2 |
               +--------+--------+--------+--------+--------+-----+--------+

Top non-repeatable levels by time:
     D:1: 1140 daAuts
     D:3: 889 daAuts
     D:2: 737 daAuts
     D:4: 84 daAuts
